 Dungeon Crawl Stone Soup version 0.31-a0-18-gea43df2a32 (webtiles) character file.

Game seed: 1345878547204738741

2 sircluck the Grave Robber (level 1, 0/13 HPs)
             Began as a Vampire Necromancer on May 10, 2023.
             Slain by a hobgoblin (4 damage)
             ... on level 1 of the Dungeon.
             The game lasted 00:00:09 (87 turns).

sircluck the Grave Robber (Vampire Necromancer)       Turns: 87, Time: 00:00:09

Health: 0/13       AC:  2    Str:  7    XL:     1   Next: 25%
Magic:  3/3        EV: 12    Int: 17    God:
Gold:   0          SH:  0    Dex: 14    Spells: 3/4 levels left

rFire   . . .        (no weapon)
rCold   . . .        (no shield)
rNeg    . . .        a - +0 robe
rPois   .            (no helmet)
rElec   .            (no cloak)
rCorr   .            (no gloves)
SInv    +            (no boots)
Will    .....        (no amulet)
Stlth   ++           (no ring)
HPRegen 0.42/turn    (no ring)
MPRegen 0.08/turn

%: no passive effects
@: healing quickly
A: alive, fangs 3, see invisible, vampiric 1
a: Exsanguinate


You were on level 1 of the Dungeon.
You visited 1 branch of the dungeon, and saw 1 of its levels.

Inventory:

Armour
 a - a +0 robe (worn)
Potions
 b - a potion of magic


   Skills:
 + Level 2.2 Dodging
 + Level 3.0 Stealth
 + Level 2.0 Spellcasting
 + Level 4.5 Necromancy


You had 3 spell levels left.
You knew the following spells:

 Your Spells              Type           Power      Damage    Failure   Level
a - Necrotise             Necr           68%        1d7       3%          1

Your spell library contained the following spells:

 Spells                   Type           Power      Damage    Failure   Level
 Vampiric Draining        Necr           17%        2d7       9%          3
 Animate Dead             Necr           17%        N/A       30%         4
 Agony                    Necr           17%        N/A       63%         5


Dungeon Overview and Level Annotations

Branches:
Dungeon (1/15)

Altars:


Innate Abilities, Weirdness & Mutations

Your natural rate of healing is accelerated.
You have razor-sharp teeth.
You have supernaturally acute eyesight. (SInv)
You are afflicted with vampirism.


Message History

The hobgoblin is severely wounded.
The hobgoblin hits you.
A hobgoblin is nearby!
You closely miss the hobgoblin. Your bite misses the hobgoblin.
The hobgoblin is severely wounded.
The hobgoblin hits you.
A hobgoblin is nearby!
You completely miss the hobgoblin.
The hobgoblin is severely wounded.
The hobgoblin hits you.
A hobgoblin is nearby!
You are too injured to fight recklessly!
A hobgoblin is nearby!
You are too injured to fight recklessly!
You are too injured to fight recklessly!
You are too injured to fight recklessly!
You are too injured to fight recklessly!
You are too injured to fight recklessly!
You are too injured to fight recklessly!
You are too injured to fight recklessly!
You are too injured to fight recklessly!
You are too injured to fight recklessly!
You are too injured to fight recklessly!
You are too injured to fight recklessly!
You are too injured to fight recklessly!
You are too injured to fight recklessly!
You are too injured to fight recklessly!
You are too injured to fight recklessly!
You are too injured to fight recklessly!
You are too injured to fight recklessly!
You are too injured to fight recklessly!
You are too injured to fight recklessly!
You are too injured to fight recklessly!
You are too injured to fight recklessly!
You are too injured to fight recklessly!
You are too injured to fight recklessly!
You barely miss the hobgoblin.
The hobgoblin is severely wounded.
The hobgoblin hits you.
You die...

####.####...##.# #.#
#.#.##.#
#.####....#.#
########......#.####
.........####.#†#
########## ..#.#
..##.# .#. #.####
.##. #.@..# .. #.
##!g.# .. #. #...#
#..).. #...#..
......#.. ....... .
..##.###


You could see a hobgoblin.

Vanquished Creatures
  A giant cockroach (D:1)
  A ball python (D:1)
2 creatures vanquished.

Notes
Turn   | Place    | Note
-------+----------+-------------------------------------------
     0 | D:1      | sircluck the Vampire Necromancer began the quest for the
                  | Orb.
     0 | D:1      | Reached XP level 1. HP: 13/13 MP: 3/3
    87 | D:1      | Slain by a hobgoblin

Illustrated notes

Levels and vault maps discovered:
D:1:      elethiomel_arrival_quiet, layout_rooms, serial_co_window_serial,
          co_window_corner_a, co_window_paths_a, co_window_paths_a,
          co_window_of_opportunity_a, co_window_of_opportunity_a,
          co_window_corner_b, co_window_broadway_b, co_window_paths_c,
          co_window_4corner_a, co_window_4corner_b, glass_columns_a,
          glass_columns_b, glass_columns_b, glass_columns_a

Action                     || total
---------------------------++-------
  Melee: Unarmed           ||    23
         Bite              ||     1
   Stab: Sleeping          ||     2
 Armour: Robe              ||     1
  Dodge: Dodged            ||    16

Table legend: (Time is in decaauts)
 A = Elapsed time spent in this place.
 B = Non-inter-level travel time spent in this place.
 C = Inter-level travel time spent in this place.
 D = Time resting spent in this place.
 E = Time spent auto-exploring this place.
 F = Levels seen in this place.
 G = Mean time per level.
                   A        B        C        D        E       F      G
               +--------+--------+--------+--------+--------+-----+--------+
         Total |     87 |     87 |      0 |      0 |     57 |   1 |   87.0 |
       Dungeon |     87 |     87 |      0 |      0 |     57 |   1 |   87.0 |
               +--------+--------+--------+--------+--------+-----+--------+

Top non-repeatable levels by time:
     D:1: 87 daAuts
